 Dungeon Crawl Stone Soup version 0.18-a0-1799-g6250cb2 (webtiles) character file.

193 wvc the Slasher (level 5, 8/34 HPs)
             Began as a High Elf Gladiator on Apr 23, 2016.
             Was a Follower of Cheibriados.
             Quit the game on level 4 of the Dungeon.
             The game lasted 00:04:44 (2725 turns).

wvc the Slasher (High Elf Gladiator)                Turns: 2725, Time: 00:04:45

Health: 8/34       AC:  8    Str: 17    XL:     5   Next: 44%
Magic:  6/6        EV: 13    Int: 15    God:    Cheibriados [*.....]
Gold:   62         SH:  0    Dex: 21    Spells: 0 memorised, 4 levels left

rFire  . . .     SeeInvis .     g - +2 falchion (vamp)
rCold  . . .     Gourm    .     h - +0 ring mail
rNeg   . . .     Faith    .     (no shield)
rPois  .         Spirit   .     c - +1 helmet
rElec  .         Dismiss  .     n - +0 cloak
rCorr  .         Reflect  .     (no gloves)
SustAt .         Harm     .     (no boots)
MR     .....     Rnd*Tele +     (no amulet)
Stlth  +.........               (no ring)
                                p - ring of teleportation (curse)

@: lethally poisoned (8 -> -19), flying, glowing, very slow, not resistant to
hostile enchantments, very unstealthy
A: agile 1, sense surroundings 1, screaming 1
a: Bend Time, Renounce Religion


You were on level 4 of the Dungeon.
You worshipped Cheibriados.
Cheibriados was aware of your devotion.
You were not hungry.

You visited 1 branch of the dungeon, and saw 4 of its levels.

You collected 62 gold pieces.

Inventory:

Hand Weapons
 a - a +0 blowgun
 g - a +2 vampiric falchion (weapon)
Missiles
 d - 3 throwing nets (quivered)
 f - 6 curare-tipped needles
Armour
 c - a +1 helmet (worn)
 h - a +0 ring mail (worn)
 n - a +0 cloak (worn)
Jewellery
 p - a cursed ring of teleportation (left hand)
Wands
 j - a wand of confusion (20/48)
Scrolls
 e - a scroll of enchant armour
Comestibles
 i - 2 bread rations
 l - 5 fruits
 o - a meat ration


   Skills:
 - Level 2.0 Fighting
 + Level 7.5 Long Blades
 - Level 2.0 Throwing
 - Level 3.2 Dodging


You had 4 spell levels left.
You didn't know any spells.

Dungeon Overview and Level Annotations

Branches:
Dungeon (4/15)
 Temple: D:4-7

Altars:
Cheibriados
Sif Muna

Annotations:
D:4 macross's ghost, amateur SpEn


Innate Abilities, Weirdness & Mutations

You are agile. (Dex +2)
You passively map a small area around you.
You occasionally shout uncontrollably at your foes.


Message History

You feel sick. Macross's ghost hits you.
You are more poisoned.
The jackal misses you.
You feel very sick.
Macross's ghost hits you but does no damage.
The jackal bites you but does no damage.
You feel very sick. The jackal bites you.
* * * LOW HITPOINT WARNING * * *
You feel sick.
Macross's ghost says, "You must not fail where I succeeded!"
The jackal bites you but does no damage.
Drink which item? (? for menu, Esc to quit)
You feel extremely strange.
You feel the urge to shout.
You feel a strange attunement to the structure of the dungeons.
You feel agile.
* * * LOW HITPOINT WARNING * * *
You feel sick.
Are you sure you want to abandon this character and quit the game? (Confirm with "yes".)

####......# ######.........# #
#....#.........# .#
##'##.#.........# ##.#
#...............# ...### ####
#.........##....###.#.... ...#
#........)##....'....#
...#####........h##a...##.#.###.#
.....§........(.@.hW...#.†.......
.........####..#######.#.W#.##.##
.........# #...., *###†####
.........+,...... ..> ,
###......### .# ###. #......# , ,
.. ######## , .. * , * ... , *
...


You could see a worker ant, macross's ghost and 2 jackals.

Vanquished Creatures
  A crimson imp (D:4)
  A hound (D:4)
  5 adders
  4 worms
  2 dart slugs (D:2)
  A giant gecko (D:3)
  5 orcs (D:3)
  4 giant cockroaches
  4 hobgoblins
  6 jackals (D:1)
  2 ball pythons
  3 bats
  A giant gecko skeleton (D:3)
  2 giant newts
  10 goblins
  7 kobolds
  8 rats
66 creatures vanquished.

Notes
Turn   | Place    | Note
--------------------------------------------------------------
     0 | D:1      | wvc the High Elf Gladiator began the quest for the Orb.
     0 | D:1      | Reached XP level 1. HP: 14/14 MP: 2/2
   207 | D:1      | Reached skill level 4 in Long Blades
   335 | D:1      | Reached XP level 2. HP: 18/19 MP: 3/3
   553 | D:1      | Found a snail-covered altar of Cheibriados.
   557 | D:1      | Became a worshipper of Cheibriados the Contemplative
   855 | D:2      | Reached skill level 5 in Long Blades
  1010 | D:2      | Reached XP level 3. HP: 22/24 MP: 4/4
  1258 | D:2      | Found a deep blue altar of Sif Muna.
  1288 | D:2      | Reached XP level 4. HP: 26/29 MP: 5/5
  1321 | D:2      | Reached skill level 6 in Long Blades
  1343 | D:2      | Reached * piety under Cheibriados
  2678 | D:4      | Reached skill level 7 in Long Blades
  2678 | D:4      | Reached XP level 5. HP: 34/34 MP: 6/6
  2701 | D:4      | Noticed macross's ghost (amateur SpEn)
  2724 | D:4      | Gained mutation: You occasionally shout uncontrollably at your foes. [potion of mutation]
  2724 | D:4      | Gained mutation: You passively map a small area around you. [potion of mutation]
  2724 | D:4      | Gained mutation: You are agile. (Dex +2) [potion of mutation]
  2725 | D:4      | Quit the game

Vault maps used:
D:1:      lightli_arrival_boilingwater, minmay_crystal_room, cheibriados_altar_1
D:2:      lemuel_doored_altar
D:3:      first_bread
D:4:      nicolae_ossuary_entry_monument

Skill      XL: |  1  2  3  4 |
---------------+-------------+-----
Long Blades    | 4 5 7 |  7.5
Fighting       | |  2.0
Throwing       | |  2.0
Dodging        | |  3.2

Action                   |  1- 3 |  4- 6 || total
-------------------------+-------+-------++-------
Melee: Long sword        |   112 |    44 ||   156
       Falchion          |       |    52 ||    52
  Use: Scroll            |     5 |     5 ||    10
       Potion            |       |     3 ||     3
  Eat: Pizza             |     1 |       ||     1
       Chunk             |       |     3 ||     3
       Bread ration      |       |     1 ||     1
Armor: Leather armour    |    17 |       ||    17
       Ring mail         |    19 |    34 ||    53
Dodge: Dodged            |    66 |    52 ||   118
